 Dungeon Crawl Stone Soup version 0.31-a0-1206-g41278d8d1d (webtiles) character file.

Game seed: 8125016569879888489

294 BubbleThief the Grave Robber (level 6, -1/72 HPs)
             Began as a Demonspawn Necromancer on Dec 12, 2023.
             Succumbed to a kobold brigand's poison
             ... on level 4 of the Dungeon on Dec 14, 2023.
             The game lasted 00:07:35 (2637 turns).

BubbleThief the Grave Robber (DsNe)                 Turns: 2637, Time: 00:07:36

Health: -1/72      AC:  2    Str:  8    XL:     6   Next: 11%
Magic:  4/10       EV: 12    Int: 17    God:
Gold:   140        SH:  4    Dex: 14    Spells: 3/11 levels left

rFire   . . .        r - +1 whip (pain)
rCold   . . .        (no shield)
rNeg    . . .        a - +0 robe
rPois   .            (helmet unavailable)
rElec   .            (no cloak)
rCorr   .            (no gloves)
SInv    .            (no boots)
Will    .....        (no amulet) Stlth
                     (no ring)
HPRegen 0.32/turn    (no ring)
MPRegen 0.24/turn

%: no passive effects
@: berserking (expiring), lethally poisoned (-1 -> -10), very quick
A: horns 3, large bone plates 1, magic regeneration
a: no special abilities


You were on level 4 of the Dungeon.
You visited 1 branch of the dungeon, and saw 4 of its levels.

You collected 140 gold pieces.

Inventory:

Hand Weapons
 c - a +0 dagger
 r - a +1 whip of pain (weapon)
Armour
 a - a +0 robe (worn)
Jewellery
 g - a ring of see invisible
Scrolls
 d - a scroll of vulnerability {unknown}
 h - 2 scrolls of teleportation {unknown}
 j - 5 scrolls of identify {unknown}
 k - a scroll of enchant armour {unknown}
 l - a scroll of revelation {unknown}
 m - a scroll of immolation {unknown}
 n - a scroll of poison {unknown}
 q - a scroll of silence {unknown}
Potions
 b - a potion of magic
 e - a potion of lignification {unknown}
 f - a potion of curing {unknown}
 i - a potion of berserk rage
 o - a potion of resistance {unknown}
 p - a potion of degeneration {unknown}


   Skills:
 + Level 4.0 Fighting
 - Level 1.7 Dodging
 - Level 1.7 Stealth
 - Level 3.0 Spellcasting
 - Level 6.0 Necromancy


You had 3 spell levels left.
You knew the following spells:

 Your Spells              Type           Power      Damage    Failure   Level
a - Necrotise             Necr           92%        1d8       1%          1
b - Vampiric Draining     Necr           23%        2d7       4%          3
c - Animate Dead          Necr           23%        N/A       14%         4

Your spell library contained the following spells:

 Spells                   Type           Power      Damage    Failure   Level
 Agony                    Necr           23%        N/A       38%         5
 Borgnjor's Vile Clutch   Necr/Erth      6%         N/A       80%         5
 Alistair's Intoxication  Tmut/Pois      1%         N/A       99%         5
 Eringya's Noxious Bog    Tmut/Pois      1%         4d6       100%        6


Dungeon Overview and Level Annotations

Branches:
Dungeon (4/15)
 Temple: D:4-7

Altars:
Fedhas
Hepliaklqana
Qazlal
Trog

Shops:
D:4 (


Innate Abilities, Weirdness & Mutations

You have a pair of large horns on your head.
You are partially covered in large bone plates. (SH +4)
You regenerate magic rapidly.


Message History

Okay, then.
Casting: Necrotise (safe; 1% risk of failure)
Confirm with . or Enter, or press ? or * to list all spells.
Aiming: Vampiric Draining (dangerous; 4% risk of failure)
Press: ? - help, Shift-Dir - straight line, f/p - Blork the orc
Aim: Blork the orc, wielding a +0 war axe and wearing a +0 robe (severely wounded, fast)
You draw life force from Blork the orc!
You kill Blork the orc!
You feel life coursing into your body.
A kobold brigand comes into view.
It is wielding a +0 whip and quivering poisoned darts.
Your Fighting skill increases to level 4!
You have reached level 6!
Your demonic ancestry asserts itself...
Large bone plates grow over parts of your arms.
Unknown command.
The kobold brigand attacks as it pursues you!
The kobold brigand hits you with a +0 whip!
* * * LOW HITPOINT WARNING * * *
Okay, then.
The kobold brigand throws a poisoned dart.
The poisoned dart hits you!
You are lethally poisoned!
* * * LOW HITPOINT WARNING * * *
You feel very sick.
It was a potion of berserk rage.
A red film seems to cover your vision as you go berserk!
You feel yourself moving faster!
You feel mighty!
* * * LOW HITPOINT WARNING * * *
You feel sick.
The kobold brigand throws a poisoned dart.
The poisoned dart hits you!
You are more poisoned.
You are too berserk!
You feel a strong urge to attack something.
* * * LOW HITPOINT WARNING * * *
You feel very sick.
* * * LOW HITPOINT WARNING * * *
You feel sick.
You feel your anger nearly subside.
You die...

.........))').∩)
..........####.≈
#......# ..........#
.#.≈ #......#
..........##.#+#
......#
..........#..#..
.....#
............####
####...#
########...###..
.......#########
#.### #.#
#...##....@.# ###.# #
#)....K####.# #...# #
#.P.P..##<#.#####.###
#...!_...##.....#...#
##..P.P...........###
#.......###.....##
#....####
##)#......... ##....
.....#o...... ##....
...#..#^......


You could see a kobold brigand and an orc (wandering).

Vanquished Creatures
  Blork the orc (D:4)
  An orc priest (D:3)
  Terence (D:2)
  Natasha (twice) (D:3)
  3 adders
  3 gnolls (D:4)
  2 dart slugs
  8 orcs
  4 ball pythons
  2 bats
  4 endoplasms
  7 goblins
  3 hobgoblins
  2 jackals (D:2)
  5 quokkas
  6 kobolds
  6 rats
60 creatures vanquished.

Vanquished Creatures (collateral kills)
  A goblin (D:1)
  A rat (D:1)
2 creatures vanquished.

Grand Total: 62 creatures vanquished

Notes
Turn   | Place    | Note
-------+----------+-------------------------------------------
     0 | D:1      | BubbleThief the Demonspawn Necromancer began the quest for
                  | the Orb.
     0 | D:1      | Reached XP level 1. HP: 13/13 MP: 3/3
   294 | D:1      | Gained mutation: You regenerate magic rapidly. [demonic
                  | ancestry]
   294 | D:1      | Reached XP level 2. HP: 19/19 MP: 0/5
   580 | D:1      | Reached skill level 5 in Necromancy
  1007 | D:2      | Noticed Terence
  1050 | D:2      | Gained mutation: You have a pair of small horns on your
                  | head. [demonic ancestry]
  1050 | D:2      | Reached XP level 3. HP: 24/24 MP: 1/6
  1425 | D:2      | Killed Terence
  1625 | D:3      | Found a bloodstained altar of Trog.
  1737 | D:3      | Gained mutation: You have a pair of horns on your head.
                  | [demonic ancestry]
  1737 | D:3      | Reached XP level 4. HP: 30/30 MP: 5/8
  1835 | D:3      | Noticed Natasha
  1838 | D:3      | Killed Natasha
  1943 | D:3      | Reached skill level 1 in Fighting
  1947 | D:3      | Learned a level 3 spell: Vampiric Draining
  1952 | D:3      | Learned a level 4 spell: Animate Dead
  2085 | D:3      | Found a hazy altar of Hepliaklqana.
  2190 | D:3      | Reached skill level 6 in Necromancy
  2190 | D:3      | Gained mutation: You have a pair of large horns on your
                  | head. [demonic ancestry]
  2190 | D:3      | Reached XP level 5. HP: 38/38 MP: 1/9
  2261 | D:3      | Found a stormy altar of Qazlal.
  2339 | D:3      | Noticed Natasha
  2343 | D:3      | Killed Natasha
  2369 | D:4      | Noticed an orc warrior
  2417 | D:4      | Found Rajawan's Weapon Emporium.
  2593 | D:4      | Upgraded the game from 0.31-a0-1204-ge2c1a860ed to
                  | 0.31-a0-1206-g41278d8d1d
  2610 | D:4      | Found a blossoming altar of Fedhas.
  2614 | D:4      | Noticed Blork the orc
  2627 | D:4      | Killed Blork the orc
  2628 | D:4      | Gained mutation: You are partially covered in large bone
                  | plates. (SH +4) [demonic ancestry]
  2628 | D:4      | Reached XP level 6. HP: 13/48 MP: 2/10
  2635 | D:4      | HP: 3/72 [poisoned by a kobold brigand]
  2636 | D:4      | HP: 1/72 [poisoned by a kobold brigand]
  2637 | D:4      | Succumbed to a kobold brigand's poison

Illustrated notes

Levels and vault maps discovered:
D:1:      eino_arrival_tree_alley, layout_loops_ring, minmay_stone_trees_medium
D:2:      layout_loops_cross, uniq_terence
D:3:      layout_rooms, trog_three_pillars_becter, mainiacjoe_overflow_24_doors,
          nicolae_qazlal_general_emergency, uniq_natasha
D:4:      layout_basic, fedhas_altar_1, mainiacjoe_overflow_alcove_1,
          minitemple, serial_shops, nicolae_shop_hallway_plus, uniq_eustachio,
          uniq_blork_the_orc

Skill      XL: |  1  2  3  4  5 |
---------------+----------------+-----
Necromancy     | 5 6 |  6.0
Spellcasting   | 3 |  3.0
Fighting       | 1 4 |  4.0
Dodging        | |  1.7
Stealth        | |  1.7

Action                     |  1- 3 |  4- 6 || total
---------------------------+-------+-------++-------
  Melee: Dagger            |     6 |       ||     6
   Cast: Necrotise         |    64 |    69 ||   133
         Vampiric Draining |       |     1 ||     1
    Use: Potion            |       |     1 ||     1
   Stab: Sleeping          |     1 |       ||     1
 Armour: Robe              |    10 |    16 ||    26
  Dodge: Dodged            |    13 |     8 ||    21

Table legend: (Time is in decaauts)
 A = Elapsed time spent in this place.
 B = Non-inter-level travel time spent in this place.
 C = Inter-level travel time spent in this place.
 D = Time resting spent in this place.
 E = Time spent auto-exploring this place.
 F = Levels seen in this place.
 G = Mean time per level.
                   A        B        C        D        E       F      G
               +--------+--------+--------+--------+--------+-----+--------+
         Total |   2637 |   2509 |    128 |     13 |   2043 |   4 |  659.2 |
       Dungeon |   2637 |   2509 |    128 |     13 |   2043 |   4 |  659.2 |
               +--------+--------+--------+--------+--------+-----+--------+

Top non-repeatable levels by time:
     D:1: 954 daAuts
     D:3: 751 daAuts
     D:2: 671 daAuts
     D:4: 259 daAuts
